 Dungeon Crawl Stone Soup version 0.29.1-13-g9f3cf754e1 (webtiles) character file.

Game seed: 18032897221145174969

18 shadowmeld the Insei (level 2, 0/22 HPs)
             Began as a Djinni Transmuter on Jan 31, 2023.
             Slain by a kobold
             ... wielding a +0 whip
              (3 damage)
             ... on level 1 of the Dungeon.
             The game lasted 00:02:15 (680 turns).

shadowmeld the Insei (Djinni Transmuter)             Turns: 680, Time: 00:02:16

Health: 0/22       AC:  2    Str:  9    XL:     2   Next: 90%
Gold:   40         EV: 12    Int: 14    God:
                   SH:  0    Dex: 13

rFire   + + .      SeeInvis .     - Unarmed
rCold   x . .      Faith    .   (no shield)
rNeg    . . .      Spirit   .   a - +0 robe
rPois   ∞          Reflect  .   (helmet currently unavailable)
rElec   .          Harm     .   (no cloak)
rCorr   .          Rampage  .   (no gloves)
Will    .....                   (boots unavailable)
Stlth   +.........              (no amulet)
HPRegen 0.07/turn               (no ring)
MPRegen 0.00/turn               (no ring)

@: appendages (expiring), flying
A: horns 2, flying, sickness immunity, fire resistance 2, cold vulnerability 1,
float, innate caster, HP casting, extra vitality 1
a: End Transformation


You were on level 1 of the Dungeon.
You had temporarily grown beastly horns.
You visited 1 branch of the dungeon, and saw 1 of its levels.

You collected 40 gold pieces.

Inventory:

Armour
 a - a +0 robe (worn)
Potions
 b - a potion of lignification
 c - a potion of mutation {unknown}
 d - 2 potions of curing {unknown}


   Skills:
 * Level 1.3 Fighting
 * Level 2.5 Dodging
 + Level 3.3 Unarmed Combat
 * Level 1.9 Spellcasting


You couldn't memorise any spells.
You knew the following spells:

 Your Spells              Type           Power      Damage    Failure   Level
a - Beastly Appendage     Tmut           12%        N/A       11%         1
b - Wereblood             Tmut           6%         N/A       17%         2
c - Spider Form           Tmut/Pois      6%         N/A       32%         3
d - Ice Form              Ice/Tmut       6%         N/A       73%         4
Your spell library was empty.

Dungeon Overview and Level Annotations

Branches:
Dungeon (1/15)

Altars:


Innate Abilities, Weirdness & Mutations

You have temporarily grown beastly horns.
You are flying.
You are immune to sickness and miasma.
You are immune to poison.
Your flesh is very heat resistant. (rF++)
You are vulnerable to cold. (rC-)
You float through the air rather than walking.
You learn spells naturally, not from books.
Your magical power is your life essence.
You have superior vitality. (+4 MHP)


Message History

You barely miss the kobold. Your punch misses the kobold.
Your horns disappear.
The endoplasm misses you. The kobold hits you but does no damage.
Casting: Beastly Appendage (safe; 11% risk of failure)
Confirm with . or Enter, or press ? or * to list all spells.
You grow a pair of large bovine horns.
The endoplasm freezes you.
You are frozen.
You feel a terrible chill! The kobold barely misses you.
You closely miss the kobold. The endoplasm closely misses you.
The kobold hits you with a +0 whip.
You hit the kobold but do no damage. Your headbutt misses the kobold.
You hit the endoplasm.
The endoplasm is moderately wounded.
The endoplasm hits you but does no damage.
The kobold hits you but does no damage.
You completely miss the endoplasm.
You headbutt the endoplasm, but do no damage.
The endoplasm is moderately wounded.
The endoplasm misses you. The kobold closely misses you.
You hit the endoplasm but do no damage.
The endoplasm is moderately wounded.
The endoplasm freezes you.
You are frozen.
You feel a terrible chill!
* * * LOW HITPOINT WARNING * * *
The kobold barely misses you.
You hit the endoplasm but do no damage.
The endoplasm is moderately wounded.
The endoplasm barely misses you. The kobold barely misses you.
You hit the endoplasm.
You kill the endoplasm!
Your transformation is almost over.
The kobold barely misses you.
You closely miss the kobold. The kobold misses you.
You closely miss the kobold. The kobold barely misses you.
You closely miss the kobold. The kobold hits you with a +0 whip.
* * * LOW HITPOINT WARNING * * *
You closely miss the kobold. You headbutt the kobold.
The kobold is moderately wounded.
The kobold hits you with a +0 whip.
You die... 8

. .## ... #.. #
#.####.### #
#........### #
#..........# #
#......)K..## #
#......@....#
#.........#.#
#.........#
#.........#
#^........#
#.........#
#...PP....#
#....♣P..##
##P._P♣.###........#


You could see a kobold.

Vanquished Creatures
  A dart slug (D:1)
  4 endoplasms (D:1)
  A giant cockroach (D:1)
  3 goblins (D:1)
  A jackal (D:1)
  A quokka (D:1)
  A ball python (D:1)
  A frilled lizard (D:1)
  A rat (D:1)
14 creatures vanquished.

Notes
Turn   | Place    | Note
-------+----------+-------------------------------------------
     0 | D:1      | shadowmeld the Djinni Transmuter began the quest for the
                  | Orb.
     0 | D:1      | shadowmeld set off with the following spells memorised:
                  | Beastly Appendage, Wereblood, Spider Form, Ice Form.
     0 | D:1      | Reached XP level 1. HP: 17/17 MP: 0/0
   209 | D:1      | Reached XP level 2. HP: 18/22 MP: 0/0
   638 | D:1      | Found a faded altar of an unknown god.
   680 | D:1      | Slain by a kobold

Illustrated notes

Levels and vault maps discovered:
D:1:      lightli_arrival_noodles, layout_basic,
          ebering_ecumenical_altar_petrified, chequers_serial_rivers_large_a,
          chequers_mini_garden, minmay_hexomino_c4

Action                   || total
-------------------------++-------
Melee: Unarmed           ||    54
       Headbutt          ||     8
 Cast: Beastly Appendage ||    11
Armor: Robe              ||    11
Dodge: Dodged            ||    41
